 Dungeon Crawl Stone Soup version 0.31-a0-236-g9a0961fb85 (webtiles) character file.

Game seed: 5913605621880040312

1 qw the Shooter (level 1, 0/16 HPs)
             Began as a Minotaur Hexslinger on July 10, 2023.
             Slain by a kobold
             ... wielding a +2 dagger of venom
              (2 damage)
             ... on level 1 of the Dungeon.
             The game lasted 00:00:00 (26 turns).

qw the Shooter (Minotaur Hexslinger)                  Turns: 26, Time: 00:00:01

Health: 0/16       AC:  2    Str: 12    XL:     1   Next: 16%
Magic:  1/1        EV: 12    Int: 10    God:
Gold:   0          SH:  0    Dex: 12    Spells: 1/2 levels left

rFire   . . .        a - +1 sling
rCold   . . .        (no shield)
rNeg    . . .        c - +0 robe
rPois   .            (helmet restricted)
rElec   .            (no cloak)
rCorr   .            (no gloves)
SInv    .            (no boots)
Will    .....        (no amulet)
Stlth   +            (no ring)
HPRegen 0.22/turn    (no ring)
MPRegen 0.07/turn

%: no passive effects
@: lethally poisoned (0 -> -14)
A: horns 2, retaliatory headbutt
a: no special abilities


You were on level 1 of the Dungeon.
You visited 1 branch of the dungeon, and saw 1 of its levels.


Innate Abilities, Weirdness & Mutations

You have a pair of horns on your head.
You reflexively headbutt those who attack you in melee.


   Skills:
 - Level 1.2 Fighting
 + Level 2.3 Ranged Weapons
 - Level 2.1 Dodging
 - Level 1.0 Spellcasting
 - Level 2.0 Hexes


You had one spell level left.
You knew the following spells:

 Your Spells              Type           Power      Damage    Failure   Level
a - Slow                  Hex            16%        N/A       16%         1

Your spell library contained the following spells:

 Spells                   Type           Power      Damage    Failure   Level
 Inner Flame              Hex/Fire       2%         N/A       56%         3
 Portal Projectile        Hex/Tloc       4%         N/A       56%         3
 Cause Fear               Hex            2%         N/A       83%         4

Inventory:

Hand Weapons
 a - a +1 sling (weapon)
Armour
 c - a +0 robe (worn)
Scrolls
 b - a scroll of poison

Dungeon Overview and Level Annotations

Branches:
Dungeon (1/15)

Altars:


Message History

Welcome, qw the Minotaur Hexslinger.
The glorious Orb of Zot lies far below, as if waiting for you to find it.
Press ? for a list of commands and other information.
Found 4 stones and the minotaur corpse of qw.
Found a staircase leading out of the dungeon.
Waypoint 0 assigned to D:1.
0 ||| PLANNING D:1-11 You open the door.
There is an open door here.
Found a dagger.
Found a dagger.
You see here a +0 dagger.
You see here a +0 dagger.
A rat, a kobold, a hobgoblin and an endoplasm come into view.
The kobold is wielding a +2 dagger of venom.
The kobold shouts!
The hobgoblin shouts!
The endoplasm quivers.
You shoot a sling bullet.
The sling bullet closely misses the kobold.
The kobold barely misses you.
You shoot a sling bullet.
The sling bullet closely misses the kobold.
The kobold misses you.
You shoot a sling bullet. The sling bullet hits the endoplasm!
You kill the endoplasm!
The kobold hits you with a +2 dagger of venom.
You are poisoned.
You shoot a sling bullet.
The sling bullet hits the kobold but does no damage.
You feel sick.
The kobold hits you with a +2 dagger of venom.
You are lethally poisoned!
The kobold hits you with a +2 dagger of venom.
You are more poisoned.
You shoot a sling bullet. The sling bullet misses the kobold.
You feel very sick.
The kobold hits you with a +2 dagger of venom.
You die...

#.....# #.
####.###.# ..
#..#.#%#.# #.
#.##.###.# ##.
##.##.....# .g
..##.....#
#r####.##.....#
#K#))..####'####...
#.@.##.#.##........
#.####......#######
... ###.#### ###.
#.# .. #.# ## #.#
#.# #.. ###


You could see a hobgoblin, a kobold and a rat.

Vanquished Creatures
  An endoplasm (D:1)
1 creature vanquished.

Notes
Turn   | Place    | Note
-------+----------+-------------------------------------------
     0 | D:1      | qw the Minotaur Hexslinger began the quest for the Orb.
     0 | D:1      | Reached XP level 1. HP: 16/16 MP: 1/1
     0 | D:1      | 0 ||| qw: Version: 0.3-a-52-g30416fa
     0 | D:1      | 0 ||| qw: Game counter: 4809
     0 | D:1      | 0 ||| qw: Melee chars always use a shield: true
     0 | D:1      | 0 ||| qw: God list: Okawaru
     0 | D:1      | 0 ||| qw: Allow faded altars: false
     0 | D:1      | 0 ||| qw: Do Orc after clearing Dungeon:15 true
     0 | D:1      | 0 ||| qw: Do second Lair branch before Depths: true
     0 | D:1      | 0 ||| qw: Lair rune preference: random
     0 | D:1      | 0 ||| qw: Goals: Normal
     0 | D:1      | 0 ||| PLANNING D:1-11
    26 | D:1      | HP: 2/16 [poisoned by a kobold]
    26 | D:1      | Slain by a kobold

Levels and vault maps discovered:
D:1:      nicolae_arrival_memento_mori, layout_loops_corners,
          serial_co_window_serial, co_window_paths_b, co_window_paths_a,
          co_window_paths_a, co_window_paths_b, co_window_paths_a,
          co_window_broadway_a, co_window_corner_b, co_window_unsneaky_path_d,
          glass_columns_b, glass_columns_a, chequers_garden, minmay_pentomino_q4

Action                     || total
---------------------------++-------
   Fire: Sling             ||     5
  Dodge: Dodged            ||     2

Table legend:
 A = Non-vault XP
 B = Vault XP
 C = Vault XP percentage of total XP
 D = Non-vault monster count
 E = Vault monster count
 F = Vault count percentage of total count
                 A         B        C        D         E       F
            +---------+---------+-------+---------+---------+-------
      Total |       2 |       0 |   0.0 |       1 |       0 |   0.0
            +---------+---------+-------+---------+---------+-------
        D:1 |       2 |       0 |   0.0 |       1 |       0 |   0.0
            +---------+---------+-------+---------+---------+-------
